 Dungeon Crawl Stone Soup version 0.24-a0-493-g7e4ddcd485 (webtiles) character file.

Game seed: 2344242030601406597

649186 Murumi the Hoplite (level 27, -2/254 HPs)
             Began as a Formicid Fighter on July 11, 2019.
             Was the Champion of Okawaru.
             Killed from afar by an orb of fire (26 damage)
             ... with a fireball
             ... on level 2 of the Realm of Zot on July 12, 2019.
             The game lasted 05:52:53 (67706 turns).

Murumi the Hoplite (Formicid Fighter)              Turns: 67706, Time: 05:52:54

Health: -2/254     AC: 46    Str: 29 (30) XL:     27
Magic:  0/31       EV: 11    Int: 12 (13) God:    Okawaru [******]
Gold:   4577       SH: 31    Dex:  5 (6)  Spells: 24/26 levels left

rFire    + + .     SeeInvis +   a - +1 triple sword (flame)
rCold    + + +     Gourm    .   X - +8 large shield {reflect}
rNeg     + . .     Faith    .   L - +15 Maxwell's patent armour {-Cast -Tele rElec MR+ rCorr}
rPois    +         Spirit   +   (helmet unavailable)
rElec    +         Reflect  +   D - +2 cloak {+Inv}
rCorr    +         Harm     .   U - +2 pair of gloves "Keir" {rElec rC+ Dex+5}
MR       ++++.     NoCast   +   i - +2 pair of boots of the Evening Star {rPois MR- Slay+2}
Stlth    ..........             W - amulet of Atas {Spirit +Fly rC+++ MR++ Dex-5}
HPRegen  0.52/turn              l - ring of the Bull {rN+ Str+6 Int-5 SInv}
MPRegen  0.22/turn              z - ring of Pidum {rF++ Stlth+}

@: finesse, heavily drained
A: permanent stasis, dig shafts and tunnels, four strong arms, antennae 3,
molten scales 1, blurry vision 1, clumsy 2, low mp 1, poison resistance, robust
1, screaming 1, no potion heal 1
}: 4/15 runes: serpentine, barnacled, slimy, silver
a: Dig, Shaft Self, Heroism, Finesse, Renounce Religion, Evoke Invisibility,
Evoke Flight


You were on level 2 of the Realm of Zot.
You worshipped Okawaru.
Okawaru was exalted by your worship.
You were not hungry.

You visited 10 branches of the dungeon, and saw 51 of its levels.
You also visited: Gauntlet, Ice Cave and Desolation.

You collected 7885 gold pieces.
You spent 3308 gold pieces at shops.

Inventory:

Hand Weapons
 a - a +1 triple sword of flaming (weapon)
 f - a +5 triple crossbow of velocity
Missiles
 u - 1553 bolts
Armour
 i - the +2 pair of boots of the Evening Star (worn) {rPois MR- Slay+2}
   (You acquired it on level 2 of the Vaults)

   It affects your accuracy and damage with ranged weapons and melee attacks
   (+2).
   It protects you from poison.
   It affects your resistance to hostile enchantments.
 D - a +2 cloak of invisibility (worn)
 L - the +15 Maxwell's patent armour (worn) {-Cast -Tele rElec MR+ rCorr}
   (Okawaru gifted it to you on level 3 of the Snake Pit)

   It insulates you from electricity.
   It affects your resistance to hostile enchantments.
   It prevents spellcasting.
   It prevents most forms of teleportation.
   It provides partial protection from all sources of acid and corrosion.
 U - the +2 pair of gloves "Keir" (worn) {rElec rC+ Dex+5}
   (Okawaru gifted it to you on level 1 of the Snake Pit)

   It affects your dexterity (+5).
   It protects you from cold.
   It insulates you from electricity.
 X - a +8 large shield of reflection (worn)
Jewellery
 l - the ring of the Bull (left hand) {rN+ Str+6 Int-5 SInv}
   (You found it in an ice cave)

   [ring of positive energy]

   It affects your strength (+6).
   It affects your intelligence (-5).
   It protects you from negative energy.
   It lets you see invisible.
 v - the ring "Geca" {-Tele rElec Str+6 Slay+5 SInv}
   (You took it off a deep elf sorcerer on level 3 of the Elven Halls)

   [ring of see invisible]

   It affects your strength (+6).
   It affects your accuracy and damage with ranged weapons and melee attacks
   (+5).
   It insulates you from electricity.
   It lets you see invisible.
   It prevents most forms of teleportation.
 z - the ring of Pidum (right hand) {rF++ Stlth+}
   (You took it off a deep elf mage on level 2 of the Elven Halls)

   [ring of stealth]

   It greatly protects you from fire.
   It makes you more stealthy.
 H - a +3 ring of slaying
 O - the amulet "Bocupperph" {Spirit Dex+8 Slay+3}
   (You found it in the Desolation of Salt)

   [amulet of guardian spirit]

   It causes incoming damage to be split between your health and magic.
   It affects your dexterity (+8).
   It affects your accuracy and damage with ranged weapons and melee attacks
   (+3).
 W - the amulet of Atas (around neck) {Spirit +Fly rC+++ MR++ Dex-5}
   (You took it off a deep elf demonologist on level 3 of the Elven Halls)

   [amulet of guardian spirit]

   It causes incoming damage to be split between your health and magic.
   It affects your dexterity (-5).
   It renders you almost immune to cold.
   It affects your resistance to hostile enchantments.
   It lets you fly.
Wands
 c - a wand of flame (49)
 j - a wand of disintegration (25)
 w - a wand of paralysis (70)
 F - a wand of polymorph (50)
 G - a wand of acid (23)
 J - a wand of enslavement (12)
 M - a wand of clouds (8)
 P - a wand of scattershot (8)
 V - a wand of iceblast (63)
Scrolls
 h - 2 scrolls of enchant armour
 k - a scroll of summoning
 q - 2 scrolls of brand weapon
 r - 4 scrolls of identify
 x - 2 scrolls of silence
 y - 4 scrolls of fog
 C - 18 scrolls of remove curse
 I - 6 scrolls of fear
 Y - 9 scrolls of magic mapping
 Z - a scroll of holy word
Potions
 b - 3 potions of brilliance
 d - 8 potions of might
 g - 13 potions of heal wounds
 m - 3 potions of mutation
 n - 3 potions of resistance
 o - 32 potions of curing
 s - 5 potions of ambrosia
 t - 9 potions of flight
 E - 5 potions of cancellation
 N - 5 potions of agility
 Q - 8 potions of invisibility
Miscellaneous
 p - a fan of gales
 A - 2 boxes of beasts
 B - a lamp of fire
 K - 5 sacks of spiders
 R - a phial of floods
 S - 3 phantom mirrors
 T - a lightning rod (4/4)
Comestibles
 e - 84 rations


   Skills:
 - Level 22.0(18.3) Fighting
 - Level 19.0(15.5) Long Blades
 - Level 19.0(15.5) Crossbows
 + Level 21.8(18.1) Armour
 - Level 14.0(10.8) Dodging
 - Level 24.0(20.2) Shields
 - Level 16.1(12.8) Invocations
 - Level 14.0(10.9) Evocations


You had 24 spell levels left.
You knew the following spells:

 Your Spells              Type           Power        Failure   Level  Hunger
a - Song of Slaying       Chrm           #.......     93%         2    ###....

Your spell library contained the following spells:

 Spells                   Type           Power        Failure   Level  Hunger
 Animate Skeleton         Necr           N/A          83%         1    ##.....
 Apportation              Tloc           #.....       83%         1    ##.....
 Beastly Appendage        Tmut           #.....       83%         1    ##.....
 Confusing Touch          Hex            #.....       83%         1    ##.....
 Corona                   Hex            #......      83%         1    ##.....
 Flame Tongue             Conj/Fire      #....        83%         1    ##.....
 Freeze                   Ice            #...         83%         1    ##.....
 Infusion                 Chrm           #...         83%         1    ##.....
 Magic Dart               Conj           #...         83%         1    ##.....
 Pain                     Necr           #...         83%         1    ##.....
 Sandblast                Erth           #.....       83%         1    ##.....
 Shock                    Conj/Air       #...         83%         1    ##.....
 Sting                    Conj/Pois      #...         83%         1    ##.....
 Summon Butterflies       Summ           #.......     83%         1    ##.....
 Summon Small Mammal      Summ           #...         83%         1    ##.....
 Call Imp                 Summ           #.......     93%         2    ###....
 Ensorcelled Hibernation  Hex/Ice        #.....       93%         2    ###....
 Passwall                 Tmut/Erth      #.......     93%         2    ###....
 Poisonous Vapours        Pois/Air       #.....       93%         2    ###....
 Searing Ray              Conj           #.....       93%         2    ###....
 Shroud of Golubria       Chrm/Tloc      #.....       93%         2    ###....
 Slow                     Hex            #.......     93%         2    ###....
 Sticks to Snakes         Tmut           #.......     93%         2    ###....
 Swiftness                Chrm/Air       #.......     93%         2    ###....
 Throw Flame              Conj/Fire      #.....       93%         2    ###....
 Throw Frost              Conj/Ice       #.....       93%         2    ###....
 Confuse                  Hex            #.......     99%         3    ####...
 Conjure Flame            Conj/Fire      #.......     99%         3    ####...
 Dazzling Spray           Conj/Hex       #.....       99%         3    ####...
 Gell's Gravitas          Tloc           #.........   99%         3    ####...
 Ignite Poison            Fire/Tmut/Pois #.......     99%         3    ####...
 Inner Flame              Hex/Fire       #.......     99%         3    ####...
 Lesser Beckoning         Tloc           #.........   99%         3    ####...
 Mephitic Cloud           Conj/Pois/Air  #.......     99%         3    ####...
 Portal Projectile        Hex/Tloc       #.....       99%         3    ####...
 Recall                   Summ/Tloc      N/A          99%         3    ####...
 Regeneration             Chrm/Necr      #.........   99%         3    ####...
 Spectral Weapon          Hex/Chrm       #.......     99%         3    ####...
 Spider Form              Tmut/Pois      #.........   99%         3    ####...
 Static Discharge         Conj/Air       #.......     99%         3    ####...
 Stone Arrow              Conj/Erth      #.....       99%         3    ####...
 Summon Guardian Golem    Hex/Summ       #.......     99%         3    ####...
 Teleport Other           Tloc           #.......     99%         3    ####...
 Tukima's Dance           Hex            #.......     99%         3    ####...
 Vampiric Draining        Necr           #.........   99%         3    ####...
 Airstrike                Air            #.........   100%        4    #####..
 Animate Dead             Necr           N/A          100%        4    #####..
 Cause Fear               Hex            #.........   100%        4    #####..
 Force Lance              Conj/Tloc      #.......     100%        4    #####..
 Fulminant Prism          Conj/Hex       #.........   100%        4    #####..
 Ice Form                 Ice/Tmut       #.......     100%        4    #####..
 Iskenderun's Mystic Bla  Conj           #.......     100%        4    #####..
 Leda's Liquefaction      Hex/Erth       #.........   100%        4    #####..
 Olgreb's Toxic Radiance  Pois           #.......     100%        4    #####..
 Passage of Golubria      Tloc           N/A          100%        4    #####..
 Petrify                  Tmut/Erth      #.......     100%        4    #####..
 Sticky Flame             Conj/Fire      #.......     100%        4    #####..
 Summon Ice Beast         Ice/Summ       #.......     100%        4    #####..
 Summon Lightning Spire   Summ/Air       #.......     100%        4    #####..
 Throw Icicle             Conj/Ice       #.......     100%        4    #####..
 Alistair's Intoxication  Tmut/Pois      #.......     100%        5    ######.
 Aura of Abjuration       Summ           #.........   100%        5    ######.
 Blade Hands              Tmut           #.........   100%        5    ######.
 Bolt of Magma            Conj/Fire/Erth #.........   100%        5    ######.
 Borgnjor's Vile Clutch   Necr/Erth      #.........   100%        5    ######.
 Excruciating Wounds      Chrm/Necr      #.........   100%        5    ######.
 Fireball                 Conj/Fire      #.........   100%        5    ######.
 Irradiate                Conj/Tmut      #.........   100%        5    ######.
 Iskenderun's Battlesphe  Conj/Chrm      #.......     100%        5    ######.
 Lee's Rapid Deconstruct  Erth           #.........   100%        5    ######.
 Lightning Bolt           Conj/Air       #.........   100%        5    ######.
 Silence                  Hex/Air        #.........   100%        5    ######.
 Summon Demon             Summ           #.........   100%        5    ######.
 Summon Forest            Summ/Tloc      #.........   100%        5    ######.
 Summon Mana Viper        Hex/Summ       #.......     100%        5    ######.
 Venom Bolt               Conj/Pois      #.........   100%        5    ######.
 Yara's Violent Unravell  Hex/Tmut       #.........   100%        5    ######.
 Bolt of Cold             Conj/Ice       #.........   100%        6    #######
 Bolt of Fire             Conj/Fire      #.........   100%        6    #######
 Darkness                 Hex            #.........   100%        6    #######
 Death Channel            Necr           #.........   100%        6    #######
 Deflect Missiles         Chrm/Air       #.........   100%        6    #######
 Dispersal                Tloc           #.........   100%        6    #######
 Freezing Cloud           Conj/Ice/Air   #.........   100%        6    #######
 Hydra Form               Tmut           #.........   100%        6    #######
 Invisibility             Hex            #.......     100%        6    #######
 Iron Shot                Conj/Erth      #.........   100%        6    #######
 Shadow Creatures         Summ           N/A          100%        6    #######
 Simulacrum               Ice/Necr       #.........   100%        6    #######
 Statue Form              Tmut/Erth      #........    100%        6    #######
 Dragon Form              Tmut           #.........   100%        7    #######
 Malign Gateway           Summ/Tloc      #.........   100%        7    #######
 Orb of Destruction       Conj           #.........   100%        7    #######
 Ring of Flames           Chrm/Fire      #.........   100%        7    #######
 Spellforged Servitor     Conj/Summ      #.........   100%        7    #######
 Discord                  Hex            #.........   100%        8    #######
 Disjunction              Tloc           #.........   100%        8    #######
 Ignition                 Fire           #.........   100%        8    #######
 Dragon's Call            Summ           #.........   100%        9    #######
 Shatter                  Erth           #.........   100%        9    #######
 Tornado                  Air            #.........   100%        9    #######
 Blink                    Tloc           Unusable     N/A         2    N/A
 Controlled Blink         Tloc           Unusable     N/A         8    N/A

Dungeon Overview and Level Annotations

Branches:
Dungeon (15/15)            Temple (0/1) D:7            Lair (6/6) D:11
 Shoals (4/4) Lair:3        Snake (4/4) Lair:3        Slime (5/5) Lair:6
    Orc (2/2) D:11            Elf (3/3) Orc:2        Vaults (5/5) D:13
  Crypt (0/3) Vaults:2     Depths (5/5) D:15            Zot (2/5) Depths:5

Altars:
Ashenzari
Cheibriados
Elyvilon
Gozag
Hepliaklqana
Kikubaaqudgha
Nemelex Xobeh
Okawaru
Sif Muna
Vehumet
Zin
The Shining One
Beogh
Jiyva

Shops:
Orc:2 *=*[((   Elf:2 *}   Elf:3 :   Vaults:5 =??[   Depths:2 =?=

Portals:
Hell: Depths:1 Depths:2 Depths:3 Depths:4 Depths:5
Abyss: Depths:3 Depths:4
Pandemonium: Depths:2 Depths:3
Ziggurat: Depths:3


Innate Abilities, Weirdness & Mutations

You cannot be hasted, slowed, berserked, paralysed or teleported.
You can dig through walls and to a lower floor.
Your four strong arms can wield two-handed weapons with a shield.
You have a pair of large antennae on your head. (SInv)
You are partially covered in molten scales. (AC +2)
Scrolls take you a little longer to read.
You are very clumsy. (Dex -4)
Your magical capacity is low. (-10% MP)
Your system is resistant to poisons. (rPois)
You are robust. (+10% HP)
You occasionally shout uncontrollably at your foes.
Potions are less effective at restoring your health.


Message History

You miss the orb of fire.
The orb of fire is severely damaged.
The ghost moth stares at you.
You feel your power leaking away.
You slash the orb of fire!
The orb of fire is severely damaged.
The orb of fire glows deep purple.
The bolt of fire hits you! You resist.
* * * LOW HITPOINT WARNING * * *
You barely miss the orb of fire.
The orb of fire is severely damaged.
You barely miss the orb of fire.
The orb of fire is severely damaged.
The curse toe calls on the powers of darkness!
The ghost moth convulses!
The moth of wrath convulses!
Your body is wracked with pain!
* * * LOW HITPOINT WARNING * * *
The orb of fire glows red.
The fireball explodes!
The fireball engulfs you!! You resist.
You die...

# #.(# #
.(# ##..#
...## ....#
.#..#
###..# { #
#[.#
####### #.#
###†@*X.# #
.#
##..###X##
### #
##.###{Xd.z
###.. {
#.## {X°y.#
#.... #.#
{...# #....
#.#{ {
.>.{'.
#..## #.#
○...#.#
#.## #.#
....### #.#
#.# { #.#


You could see an orb of fire, 2 tentacled monstrosities, a curse toe and a ghost
moth (invisible).

Vanquished Creatures
  the Royal Jelly (Slime:5)
  2 juggernauts (Depths:5)
  Bai Suzhen (Vaults:4)
  A caustic shrike (Depths:4)
  Frederick (Depths:3)
  A golden dragon (Zot:1)
  An electric golem (Zot:1)
  4 liches
  9 tentacled monstrosities
  The ghost of Mandevil the Warrior, an adept DsHu of Wu Jian (Vaults:2)
  Jorgrun (D:12)
  The ghost of kroki the Severer, an adept HOFi of Uskayaw (Shoals:3)
  8 titans
  Asterion (Snake:1)
  2 quicksilver dragons
  Gastronok (D:12)
  A deep elf blademaster (Elf:3)
  A deep elf master archer (Elf:3)
  2 krakens (Shoals:4)
  2 death cobs (Zot:2)
  22 acid blobs
  6 sphinxes
  3 tengu reavers
  10 shadow dragons
  Kirke (Lair:4)
  13 fire giants
  12 storm dragons
  13 azure jellies
  10 frost giants
  18 nagarajas
  13 deep elf sorcerers
  3 ghost moths
  2 deep elf elementalists
  A balrug (Depths:2)
  An imperial myrmidon (Desolation)
  3 iron dragons
  An orc warlord (Orc:2)
  3 angels
  16 vault wardens
  An emperor scorpion (Depths:2)
  A draconian annihilator (Zot:1)
  The ghost of Kesore the Basher, a journeyman CeHu of Trog (Depths:1)
  A spriggan defender (Depths:4)
  A war gargoyle (Vaults:5)
  23 stone giants
  20 ironheart preservers
  52 very ugly things
  3 green draconians
  2 draconian shifters
  An entropy weaver (shapeshifter) (Vaults:5)
  A vampire knight (Depths:4)
  A black draconian (Zot:1)
  Nessos (Lair:4)
  11 deep elf annihilators
  6 deep elf demonologists
  A minotaur (Gauntlet)
  6 white draconians
  A yellow draconian (Depths:5)
  4 spark wasps
  3 red draconians
  6 purple draconians
  3 blizzard demons
  3 halazid warlocks (Desolation)
  8 deep elf death magi
  10 ettins
  2 crystal guardians (Desolation)
  A merfolk javelineer (Shoals:3)
  2 green deaths (Depths:2)
  11 fire dragons
  11 merfolk impalers
  9 death oozes (Slime:5)
  4 jiangshi
  7 ragged hierophants (Desolation)
  Erolcha (D:13)
  7 statues (Depths:3)
  7 deep elf high priests
  18 ice dragons
  9 servants of whispers (Desolation)
  Fannar (D:12)
  10 yaktaur captains
  10 great orbs of eyes
  29 vault guards
  2 monstrous demonspawn (Depths:2)
  28 naga warriors
  5 spriggan air magi
  6 rakshasas
  6 death knights
  2 hell beasts
  5 hydras
  7 peacekeepers (Desolation)
  5 merfolk avatars
  5 catoblepae
  3 satyrs
  14 centaur warriors
  43 two-headed ogres
  24 dancing weapons
  6 merfolk aquamancers
  16 anacondas
  12 deep troll shamans
  14 ogre magi
  13 tengu warriors
  9 death yaks
  A two-headed ogre (shapeshifter) (Depths:4)
  11 deep troll earth magi
  A vampire mage (Depths:1)
  15 naga sharpshooters
  6 spriggan berserkers
  2 orc high priests (Orc:2)
  8 shock serpents
  Sonja (Lair:3)
  41 deep elf knights
  A sun demon (Depths:4)
  20 hell knights
  2 salamander mystics (Snake:3)
  8 iron trolls
  A fire crab (shapeshifter) (Depths:1)
  18 sea snakes
  2 shadow wraiths
  An unseen horror (shapeshifter) (Vaults:5)
  33 deep trolls
  A spriggan druid (Elf:3)
  5 skeletal warriors
  4 glowing orange brains
  A swamp dragon (Depths:2)
  An unseen horror (D:15)
  A shadow demon (Depths:2)
  A flayed ghost (Depths:1)
  11 wizards
  25 deep elf archers
  A glowing orange brain (shapeshifter) (Depths:1)
  13 ironbrand convokers
  14 harpies
  5 phantasmal warriors
  10 naga ritualists
  A harpy (shapeshifter) (Vaults:2)
  84 deep elf magi
  13 orc knights
  8 necromancers
  A lindwurm (Depths:2)
  A sphinx zombie (Depths:1)
  A wolf spider zombie (D:15)
  An orange crystal statue (Elf:1)
  2 wolf spiders (shapeshifter)
  8 wolf spiders
  10 mana vipers
  A glowing shapeshifter (Vaults:5)
  A mana viper (shapeshifter) (Vaults:2)
  3 orc sorcerers
  12 cyclopes
  55 ugly things
  An orb spider (Depths:2)
  4 oklob plants (Lair:1)
  22 fauns
  5 moths of wrath
  9 salamanders
  A manticore (shapeshifter) (Depths:4)
  14 manticores
  2 frost giant zombies
  5 shining eyes
  A worldbinder (Gauntlet)
  A stone giant skeleton (Vaults:2)
  3 human skeletons (Vaults:2)
  25 black mambas
  An ice statue (IceCv)
  6 elephants (Lair:4)
  A salamander (shapeshifter) (Vaults:2)
  11 vault sentinels
  A black mamba (shapeshifter) (Depths:2)
  11 merfolk sirens
  13 guardian serpents
  A rust devil (Depths:2)
  3 guardian serpents (shapeshifter)
  14 water nymphs
  2 eyes of devastation
  19 naga magi
  2 spriggan zombies
  A molten gargoyle (Desolation)
  A fire giant skeleton (Depths:1)
  A storm dragon simulacrum (Vaults:4)
  7 spiny frogs
  A hellion (Depths:2)
  2 kobold demonologists
  31 yaktaurs
  A golden dragon simulacrum (IceCv)
  A yaktaur zombie (Vaults:2)
  9 freezing wraiths
  7 komodo dragons
  4 anaconda simulacra (IceCv)
  5 ice devils
  7 tengu conjurers
  A queen bee (Lair:5)
  5 hornets
  11 trolls
  4 meliai
  2 wolf spider simulacra (IceCv)
  17 merfolk
  2 meliai (shapeshifter) (Vaults:3)
  63 saltlings (Desolation)
  5 wind drakes
  A raiju (shapeshifter) (Vaults:3)
  A dream sheep (shapeshifter) (Elf:2)
  A slime creature (shapeshifter) (Vaults:5)
  A snapping turtle (shapeshifter) (Vaults:5)
  3 dream sheep (Shoals:4)
  15 blink frogs
  A harpy skeleton (D:15)
  An ice dragon zombie (Depths:1)
  46 slime creatures
  Grinder (D:5)
  5 large abominations (Elf:2)
  A frost giant simulacrum (Vaults:3)
  7 snapping turtles
  A stone giant simulacrum (Vaults:2)
  7 hippogriffs
  A meliai zombie (D:13)
  3 tarantellas (Depths:2)
  2 air elementals (Elf:2)
  2 ettin skeletons (Vaults:4)
  2 spriggans
  7 shadows
  23 water elementals
  3 basilisks
  7 wraiths
  4 fire bats (D:11)
  3 wyverns
  6 fire elementals
  36 yaks
  2 dire elephant simulacra (IceCv)
  A steam dragon (D:14)
  A hog (Lair:4)
  2 chaos spawn (Depths:2)
  4 vampire mosquitoes (D:15)
  2 human simulacra (Vaults:2)
  A death yak simulacrum (IceCv)
  5 golden eyes (Slime:5)
  A neqoxec (Depths:2)
  5 iron troll simulacra (IceCv)
  A swamp worm (shapeshifter) (Vaults:5)
  6 wargs
  2 hydra simulacra (IceCv)
  2 acid dragons
  Edmund (D:6)
  A soldier ant (shapeshifter) (Vaults:2)
  79 nagas
  A hell hound (D:11)
  6 porcupines
  11 water moccasins
  2 floating eyes
  43 orc warriors
  A porcupine (shapeshifter) (Depths:4)
  2 phantoms
  2 ice beasts
  A hornet zombie (D:13)
  An ettin simulacrum (IceCv)
  5 eyes of draining
  3 sky beasts
  3 black bears
  2 necrophages
  34 ogres
  18 boggarts
  14 centaurs
  An elf skeleton (Vaults:2)
  2 wolves
  9 crocodiles
  3 big kobolds
  A wyvern zombie (D:12)
  22 bullfrogs
  2 elf zombies (Elf:2)
  4 earth elementals (Elf:1)
  A water moccasin zombie (D:6)
  5 scorpions
  2 elf simulacra
  21 killer bees
  A wight (D:15)
  3 electric eels
  2 howler monkeys
  A bullfrog zombie (D:9)
  3 centaur zombies
  3 lava snakes
  3 quasits
  Crazy Yiuf (D:6)
  9 crimson imps
  4 draconian simulacra (IceCv)
  2 jellies
  13 orc priests
  A bullfrog skeleton (D:11)
  8 centaur skeletons
  8 hounds
  30 orc wizards
  5 iguanas
  Ijyb (D:3)
  2 spriggan simulacra (IceCv)
  7 worker ants
  6 troll simulacra (IceCv)
  2 wolf simulacra (IceCv)
  A hound zombie (D:9)
  3 hound skeletons
  11 gnolls
  A worker ant zombie (D:8)
  21 adders
  3 naga simulacra (IceCv)
  2 ogre simulacra (IceCv)
  9 shadow imps
  8 white imps (IceCv)
  7 ufetubi
  An ooze (D:3)
  2 adder zombies
  An adder skeleton (D:9)
  3 worms
  3 dart slugs
  9 leopard geckos
  112 orcs
  4 ball pythons
  4 giant cockroaches
  6 goblins
  6 hobgoblins
  12 jackals
  21 kobolds
  3 quokkas
  6 bats
  12 frilled lizards
  8 rats
  A butterfly (Lair:1)
  A crawling corpse (Elf:3)
  A demonic plant (Gauntlet)
  6 fire vortices
  5 plants
  4 tentacles (Shoals:4)
2502 creatures vanquished.

Vanquished Creatures (others)
  A deep elf master archer (Elf:3)
  A vault warden (Vaults:3)
  An ironheart preserver (Vaults:5)
  A yellow draconian (Zot:1)
  2 deep elf annihilators (Depths:3)
  5 yaktaur captains
  A servant of whispers (Desolation)
  2 centaur warriors
  A satyr (Shoals:4)
  2 naga sharpshooters
  3 deep elf knights
  7 deep elf archers
  A cyclops (Shoals:1)
  3 fauns
  10 yaktaurs
  A merfolk (Shoals:4)
  A saltling (Desolation)
  A redback (Depths:2)
  A spriggan (Depths:4)
  A water elemental (Elf:1)
  2 ogres
  A centaur (Vaults:3)
  A ball lightning (Depths:2)
  An orc (D:11)
  5 crawling corpses (Elf:3)
  12 demonic plants (Gauntlet)
  A fire vortex (D:11)
  8 fungi
  59 plants
  10 tentacles (Shoals:4)
146 creatures vanquished.

Grand Total: 2648 creatures vanquished

Notes
Turn   | Place    | Note
-------+----------+-------------------------------------------
     0 | D:1      | Murumi the Formicid Fighter began the quest for the Orb.
     0 | D:1      | Reached XP level 1. HP: 18/18 MP: 1/1
   137 | D:1      | Reached skill level 4 in Shields
   177 | D:1      | Reached XP level 2. HP: 21/24 MP: 2/2
   199 | D:1      | Reached skill level 1 in Dodging
   447 | D:1      | Reached XP level 3. HP: 29/29 MP: 3/3
  1436 | D:2      | Found a white marble altar of Elyvilon.
  1466 | D:2      | Reached XP level 4. HP: 37/37 MP: 4/4
  2170 | D:3      | Found a snail-covered altar of Cheibriados.
  2181 | D:3      | Noticed Ijyb
  2205 | D:3      | Killed Ijyb
  2205 | D:3      | Reached XP level 5. HP: 36/42 MP: 5/5
  2818 | D:4      | Noticed a centaur
  2830 | D:3      | Reached skill level 5 in Shields
  2916 | D:4      | Killed a centaur
  2916 | D:4      | Reached XP level 6. HP: 28/48 MP: 5/8
  3079 | D:4      | Noticed a phantom
  3139 | D:4      | Killed a phantom
  3300 | D:4      | Reached XP level 7. HP: 54/54 MP: 9/9
  3453 | D:4      | Reached skill level 5 in Fighting
  3901 | D:5      | Entered Level 5 of the Dungeon
  4011 | D:5      | Noticed Grinder
  4020 | D:5      | Reached skill level 5 in Armour
  4025 | D:5      | Killed Grinder
  4025 | D:5      | Reached skill level 6 in Shields
  4025 | D:5      | Reached XP level 8. HP: 48/62 MP: 10/10
  4183 | D:5      | Reached skill level 7 in Shields
  4549 | D:5      | Found an iron altar of Okawaru.
  4556 | D:5      | Became a worshipper of Warmaster Okawaru
  4851 | D:6      | Noticed Edmund
  4863 | D:6      | Killed Edmund
  4908 | D:6      | Reached skill level 1 in Invocations
  4981 | D:6      | Reached XP level 9. HP: 69/69 MP: 11/11
  5037 | D:6      | Reached * piety under Okawaru
  5037 | D:6      | Reached skill level 5 in Long Blades
  5311 | D:6      | Found a runed translucent door.
  5312 | D:6      | Noticed Crazy Yiuf
  5318 | D:6      | Killed Crazy Yiuf
  5491 | D:7      | Found an opulent altar of Gozag.
  5546 | D:7      | Reached skill level 8 in Shields
  5657 | D:7      | Found a staircase to the Ecumenical Temple.
  6125 | D:8      | Noticed a hippogriff
  6137 | D:8      | Killed a hippogriff
  6137 | D:8      | Reached ** piety under Okawaru
  6321 | D:8      | Reached XP level 10. HP: 74/80 MP: 1/13
  6416 | D:8      | You fall into a shaft and drop 1 floor!
  6515 | D:8      | Noticed a two-headed ogre
  6541 | D:8      | Killed a two-headed ogre
  6541 | D:8      | Reached *** piety under Okawaru
  6541 | D:8      | Reached skill level 9 in Shields
  6722 | D:8      | Reached skill level 10 in Shields
  7062 | D:8      | Found a sparkling altar of Nemelex Xobeh.
  7310 | D:9      | Found a deep blue altar of Sif Muna.
  7310 | D:9      | Found an ancient bone altar of Kikubaaqudgha.
  7312 | D:9      | Found a radiant altar of Vehumet.
  7314 | D:9      | Identified Kikubaaqudgha's Tome of Dark Rites
  7982 | D:9      | Found a shattered altar of Ashenzari.
  8043 | D:10     | Entered Level 10 of the Dungeon
  8182 | D:10     | Reached skill level 5 in Invocations
  8202 | D:10     | Reached **** piety under Okawaru
  8202 | D:10     | Reached XP level 11. HP: 80/86 MP: 14/14
  8361 | D:10     | Noticed a deep elf mage
  8396 | D:10     | Killed a deep elf mage
  8396 | D:10     | Received a gift from Okawaru
  8595 | D:10     | Learned a level 2 spell: Song of Slaying
  8952 | D:11     | Reached skill level 10 in Fighting
  9109 | D:11     | Noticed a cyclops
  9116 | D:11     | Killed a cyclops
  9140 | D:11     | Noticed a deep elf mage
  9157 | D:11     | Killed a deep elf mage
  9157 | D:11     | Reached ***** piety under Okawaru
  9227 | D:11     | Found a staircase to the Orcish Mines.
  9554 | D:11     | Noticed a two-headed ogre
  9562 | D:11     | Killed a two-headed ogre
 10046 | D:11     | Found a staircase to the Lair.
 10077 | D:11     | Reached skill level 5 in Evocations
 10225 | D:11     | Noticed a manticore
 10235 | D:11     | Killed a manticore
 10426 | D:11     | Received a gift from Okawaru
 10588 | D:11     | Reached XP level 12. HP: 79/97 MP: 16/16
 10646 | D:11     | Got a bloodstained dagger
 10647 | D:11     | Identified the +9 dagger of Terra Nullius {freeze, rElec
                  | rC+ Int-2} (You found it on level 11 of the Dungeon)
 10883 | Lair:1   | Entered Level 1 of the Lair of Beasts
 12131 | Lair:2   | Reached skill level 10 in Armour
 12928 | Lair:3   | Reached skill level 11 in Shields
 13239 | Lair:3   | Noticed a seven-headed hydra
 13250 | Lair:3   | Killed a seven-headed hydra
 13746 | Lair:3   | Noticed Sonja
 13762 | Lair:3   | Killed Sonja
 14066 | Lair:3   | Found a staircase to the Snake Pit.
 14246 | Lair:3   | Found a staircase to the Shoals.
 14948 | Lair:4   | Reached skill level 12 in Shields
 14958 | Lair:4   | Reached XP level 13. HP: 101/103 MP: 19/19
 14965 | Lair:4   | Received a gift from Okawaru
 14974 | Lair:4   | Identified the +1 falchion "Noth" {freeze, Int+4} (Okawaru
                  | gifted it to you on level 4 of the Lair of Beasts)
 14998 | Lair:4   | Found a gate leading to a gauntlet.
 15004 | Gauntlet | Entered a Gauntlet
 15004 | Gauntlet | Found a transporter.
 15004 | Gauntlet | Found a transporter.
 15009 | Gauntlet | Found a transporter.
 15009 | Gauntlet | Found a transporter.
 15011 | Gauntlet | Found a large runed translucent door.
 15012 | Gauntlet | Found a large runed translucent door.
 15013 | Gauntlet | Found a large runed translucent door.
 15013 | Gauntlet | Found a large runed translucent door.
 15013 | Gauntlet | Found a runed translucent door.
 15014 | Gauntlet | Found a large runed translucent door.
 15015 | Gauntlet | Found a large runed translucent door.
 15016 | Gauntlet | Found a large runed translucent door.
 15016 | Gauntlet | Found a large runed translucent door.
 15017 | Gauntlet | Found a runed translucent gate.
 15021 | Gauntlet | Found a transporter.
 15028 | Gauntlet | Noticed a great orb of eyes
 15029 | Gauntlet | Found a transporter.
 15029 | Gauntlet | Found a transporter.
 15051 | Gauntlet | Found a transporter.
 15053 | Gauntlet | Found a runed translucent gate.
 15053 | Gauntlet | Found a runed translucent gate.
 15055 | Gauntlet | Found a large runed translucent door.
 15056 | Gauntlet | Found a large runed translucent door.
 15058 | Gauntlet | Found a transporter.
 15083 | Gauntlet | Found a runed translucent door.
 15092 | Gauntlet | Found a large runed translucent door.
 15092 | Gauntlet | Found a large runed translucent door.
 15092 | Gauntlet | Found a large runed translucent door.
 15092 | Gauntlet | Found a large runed translucent door.
 15093 | Gauntlet | Found a large runed translucent door.
 15094 | Gauntlet | Found a transporter.
 15094 | Gauntlet | Found a large runed translucent door.
 15106 | Gauntlet | Found a transporter.
 15139 | Gauntlet | Found a transporter.
 15154 | Gauntlet | Noticed a death ooze
 15155 | Gauntlet | Found a transporter.
 15168 | Gauntlet | Found a transporter.
 15255 | Gauntlet | Found a transporter.
 15271 | Gauntlet | Found a transporter.
 15693 | Gauntlet | Killed a great orb of eyes
 15705 | Gauntlet | Got a pair of spiked boots
 15711 | Gauntlet | Identified the +0 pair of boots "Lasmyhuv" {rCorr Str+6}
                  | (You found it in a Gauntlet)
 15813 | Gauntlet | Noticed a minotaur
 15839 | Gauntlet | Killed a minotaur
 16138 | Lair:4   | Noticed Nessos
 16157 | Lair:4   | Killed Nessos
 16157 | Lair:4   | Reached skill level 10 in Long Blades
 16302 | Lair:4   | Noticed Kirke
 16319 | Lair:4   | Killed Kirke
 16319 | Lair:4   | Reached ****** piety under Okawaru
 16319 | Lair:4   | Reached skill level 5 in Dodging
 17218 | Lair:5   | Noticed a seven-headed hydra
 17224 | Lair:5   | Killed a seven-headed hydra
 17224 | Lair:5   | Received a gift from Okawaru
 17240 | Lair:5   | Identified the +3 long sword of Nomurghu {slice, *Rage
                  | Dex+8} (Okawaru gifted it to you on level 5 of the Lair of
                  | Beasts)
 17938 | Lair:5   | Reached skill level 13 in Shields
 18238 | Lair:6   | Entered Level 6 of the Lair of Beasts
 18318 | Lair:6   | Found a runed translucent door.
 18318 | Lair:6   | Found a viscous altar of Jiyva.
 18318 | Lair:6   | Found a staircase to the Slime Pits.
 18318 | Lair:6   | Noticed an acid blob
 18318 | Lair:6   | Noticed an acid blob
 18318 | Lair:6   | Noticed an acid blob
 18379 | Lair:6   | Reached XP level 14. HP: 111/113 MP: 20/20
 18727 | Lair:6   | Received a gift from Okawaru
 19383 | Lair:6   | Received a gift from Okawaru
 19409 | Lair:6   | Got a sapphire demon blade {god gift}
 19410 | Lair:6   | Identified the +1 demon blade of Inquiry {flame, *Slow +Inv
                  | rC+++ Stlth+} (Okawaru gifted it to you on level 6 of the
                  | Lair of Beasts)
 20152 | Orc:1    | Entered Level 1 of the Orcish Mines
 20476 | Orc:2    | Entered Level 2 of the Orcish Mines
 20496 | Orc:2    | Found a staircase to the Elven Halls.
 20761 | Orc:2    | Found Ydghai's General Store.
 20763 | Orc:2    | Found Jephoen's Jewellery Emporium.
 20784 | Orc:2    | Bought a sack of spiders for 300 gold pieces
 20812 | Orc:2    | Bought a +4 amulet of reflection for 378 gold pieces
 20957 | Orc:2    | Found a roughly hewn altar of Beogh.
 20976 | Orc:2    | Found Axiarae's Weapon Shop.
 20988 | Orc:2    | Bought a +3 arbalest of flaming for 301 gold pieces
 21106 | Orc:2    | Found a roughly hewn altar of Beogh.
 21130 | Orc:2    | Received a gift from Okawaru
 21249 | Orc:2    | Found a roughly hewn altar of Beogh.
 21255 | Orc:2    | Found Hiemuidi's Assorted Antiques.
 21300 | Orc:2    | Bought an ivory wand for 144 gold pieces
 21300 | Orc:2    | Bought a thin paperback book for 540 gold pieces
 21382 | Orc:2    | Found a roughly hewn altar of Beogh.
 21564 | Orc:2    | Reached skill level 10 in Dodging
 21570 | Orc:2    | Reached skill level 1 in Crossbows
 21649 | Orc:2    | Gained mutation: You do not regenerate when monsters are
                  | visible. [a neqoxec]
 21658 | Orc:2    | Reached XP level 15. HP: 109/120 MP: 21/21
 21670 | Orc:2    | Noticed an orc warlord
 21704 | Orc:2    | Killed an orc warlord
 21764 | Orc:2    | Found Ushrott's Antique Weapon Shoppe.
 21766 | Orc:2    | Found a roughly hewn altar of Beogh.
 21770 | Orc:2    | Found Ziaghi's Antique Armour Emporium.
 21838 | Orc:2    | Found a roughly hewn altar of Beogh.
 21920 | Orc:1    | Found a roughly hewn altar of Beogh.
 22224 | D:12     | Noticed Jorgrun
 22235 | D:12     | Killed Jorgrun
 22235 | D:12     | Reached skill level 5 in Crossbows
 22368 | D:12     | Noticed Fannar
 22398 | D:12     | Killed Fannar
 22677 | D:12     | Gained mutation: Armour fits poorly on your strangely
                  | shaped body. [a neqoxec]
 22707 | D:12     | Lost mutation: Armour fits poorly on your strangely shaped
                  | body. [potion of mutation]
 22707 | D:12     | Lost mutation: You do not regenerate when monsters are
                  | visible. [potion of mutation]
 22707 | D:12     | Gained mutation: Your mind is acute. (Int +2) [potion of
                  | mutation]
 22707 | D:12     | Gained mutation: You are robust. (+10% HP) [potion of
                  | mutation]
 22805 | D:12     | Identified the +5 long sword "Zigog" {protect, Int+4}
 23067 | D:12     | Noticed Gastronok
 23080 | D:12     | Killed Gastronok
 23261 | D:13     | Received a gift from Okawaru
 23263 | D:13     | Identified the +2 shield of Wikhlo {Regen+ Int+2} (Okawaru
                  | gifted it to you on level 13 of the Dungeon)
 23280 | D:13     | Noticed Erolcha
 23287 | D:13     | Killed Erolcha
 23364 | D:13     | Found a gate to the Vaults.
 23959 | D:14     | Reached skill level 10 in Crossbows
 24082 | D:14     | You fall into a shaft and drop 1 floor!
 24082 | D:15     | Entered Level 15 of the Dungeon
 24236 | D:15     | Found a hazy altar of Hepliaklqana.
 24236 | D:15     | Found a white marble altar of Elyvilon.
 24237 | D:15     | Found a glowing golden altar of the Shining One.
 24377 | D:15     | Reached XP level 16. HP: 139/139 MP: 22/22
 24640 | D:15     | Noticed a storm dragon
 24654 | D:15     | Killed a storm dragon
 24654 | D:15     | Received a gift from Okawaru
 24658 | D:15     | Identified the +0 pair of gloves of Tempters {Str+3}
                  | (Okawaru gifted it to you on level 15 of the Dungeon)
 24686 | D:15     | Noticed a tengu reaver
 24687 | D:15     | Identified the +10 battleaxe of the Sky {vamp, rF+ MR+
                  | SInv}
 24687 | D:15     | Noticed a fire giant
 24692 | D:15     | HP: 5/139 [centaur warrior/arrow (8)]
 24717 | D:15     | Killed a tengu reaver
 24717 | D:15     | Reached skill level 14 in Shields
 24730 | D:15     | HP: 3/139 [fire giant/fireball (9)]
 24738 | D:15     | Killed a fire giant
 25728 | D:15     | Found a staircase to the Depths.
 26116 | D:15     | Identified the Tome of Sulphur
 26168 | D:15     | Received a gift from Okawaru
 26169 | D:15     | Identified the +0 pair of boots of Vaagauv {Str+2 Stlth+}
                  | (Okawaru gifted it to you on level 15 of the Dungeon)
 26740 | Shoals:1 | Entered Level 1 of the Shoals
 26812 | Shoals:1 | Reached XP level 17. HP: 144/149 MP: 23/23
 27240 | Shoals:1 | Reached skill level 15 in Shields
 27999 | Shoals:2 | Upgraded the game from 0.24-a0-487-g57318f2ed0 to
                  | 0.24-a0-493-g7e4ddcd485
 28154 | Shoals:2 | Received a gift from Okawaru
 28468 | Shoals:2 | Received a gift from Okawaru
 28597 | Shoals:2 | Reached skill level 10 in Invocations
 29126 | Shoals:3 | Found a runed translucent gate.
 29126 | Shoals:3 | Found a runed translucent gate.
 29126 | Shoals:3 | Found a runed translucent gate.
 29128 | Shoals:3 | Noticed kroki's ghost (adept HOFi)
 29761 | Shoals:3 | Killed kroki's ghost
 29761 | Shoals:3 | Reached XP level 18. HP: 115/160 MP: 18/25
 29832 | Shoals:3 | Identified the +1 cloak of Precision Catastrophes {MP+9}
                  | (You found it on level 3 of the Shoals)
 29868 | Shoals:4 | Entered Level 4 of the Shoals
 29998 | Shoals:4 | Noticed a kraken
 30017 | Shoals:4 | Killed a kraken
 30585 | Shoals:4 | Received a gift from Okawaru
 30900 | Shoals:4 | Reached skill level 16 in Shields
 31032 | Shoals:4 | Found a runed translucent door.
 31236 | Shoals:4 | Noticed a kraken
 31251 | Shoals:4 | Killed a kraken
 31337 | Shoals:4 | HP: 6/160 [merfolk impaler/+0 demon trident of
                  | electrocution (11)]
 31404 | Shoals:4 | Received a gift from Okawaru
 31405 | Shoals:4 | Identified the +4 demon blade of Kutroqin {elec, Int+5
                  | Dex+3} (Okawaru gifted it to you on level 4 of the Shoals)
 31575 | Shoals:4 | Got a barnacled rune of Zot
 32051 | Snake:1  | Entered Level 1 of the Snake Pit
 32646 | Snake:1  | Reached XP level 19. HP: 113/168 MP: 26/26
 32730 | Snake:1  | Noticed Asterion
 32745 | Snake:1  | Killed Asterion
 32745 | Snake:1  | Received a gift from Okawaru
 32745 | Snake:1  | Reached skill level 15 in Fighting
 32752 | Snake:1  | Got a pair of faintly humming gloves {god gift}
 32758 | Snake:1  | Identified the +2 pair of gloves "Keir" {rElec rC+ Dex+5}
                  | (Okawaru gifted it to you on level 1 of the Snake Pit)
 32809 | Snake:1  | You fall into a shaft and drop 1 floor!
 33739 | Snake:2  | Reached skill level 15 in Armour
 34138 | Snake:3  | Found a frozen archway.
 34150 | IceCv    | Entered an ice cave
 34488 | IceCv    | Reached skill level 17 in Shields
 34997 | IceCv    | Identified the ring of the Bull {rN+ Str+6 Int-5 SInv} (You
                  | found it in an ice cave)
 35004 | IceCv    | Identified Sif Muna's Reference Book on the Frostbite and
                  | Stolen Souls
 35627 | Snake:3  | Received a gift from Okawaru
 35628 | Snake:3  | Found the +15 Maxwell's patent armour {-Cast -Tele rElec
                  | MR+ rCorr}
 36003 | Snake:4  | Entered Level 4 of the Snake Pit
 36207 | Snake:4  | Reached XP level 20. HP: 168/178 MP: 27/27
 36984 | Snake:4  | Reached skill level 18 in Shields
 37035 | Snake:4  | Received a gift from Okawaru
 37133 | Snake:4  | Got a serpentine rune of Zot
 37718 | Snake:4  | Received a gift from Okawaru
 38429 | Lair:1   | Identified the Catalogue of the Shifting Glacier
 38567 | Lair:6   | Reached XP level 21. HP: 156/188 MP: 27/29
 38767 | Vaults:1 | Entered Level 1 of the Vaults
 38939 | Vaults:1 | Reached skill level 10 in Evocations
 39031 | Vaults:1 | Received a gift from Okawaru
 39070 | Vaults:1 | Identified the Reference Book on Transformation and Air
 40109 | Vaults:2 | Received a gift from Okawaru
 40225 | Vaults:2 | Received a gift from Okawaru
 40518 | Vaults:2 | Found a staircase to the Crypt.
 40585 | Vaults:2 | Reached skill level 15 in Long Blades
 40768 | Vaults:2 | Reached XP level 22. HP: 191/199 MP: 30/30
 40866 | Vaults:2 | Found a runed translucent door.
 40872 | Vaults:2 | Identified a scroll of acquirement
 40873 | Vaults:2 | Identified the +2 pair of boots of the Evening Star {rPois
                  | MR- Slay+2} (You acquired it on level 2 of the Vaults)
 41015 | Vaults:2 | Noticed Mandevil's ghost (adept DsHu)
 41049 | Vaults:2 | Killed Mandevil's ghost
 41334 | Vaults:3 | Reached skill level 15 in Crossbows
 41585 | Vaults:3 | Received a gift from Okawaru
 42312 | Vaults:3 | Reached skill level 19 in Shields
 42506 | Vaults:3 | Received a gift from Okawaru
 43346 | Vaults:4 | Received a gift from Okawaru
 43536 | Vaults:4 | Reached XP level 23. HP: 196/205 MP: 30/32
 43544 | Vaults:4 | Noticed Bai Suzhen
 43572 | Vaults:4 | Killed Bai Suzhen
 44789 | Vaults:5 | Entered Level 5 of the Vaults
 44870 | Vaults:4 | Received a gift from Okawaru
 44943 | Vaults:4 | Received a gift from Okawaru
 45030 | Vaults:4 | Received a gift from Okawaru
 45309 | Vaults:5 | Received a gift from Okawaru
 45315 | Vaults:5 | Noticed a caustic shrike
 45315 | Vaults:5 | an acid blob changed into a caustic shrike
 45316 | Vaults:5 | a caustic shrike changed into an alligator snapping turtle
 45798 | Vaults:5 | Reached XP level 24. HP: 216/216 MP: 26/32
 45963 | Vaults:4 | Received a gift from Okawaru
 46232 | Vaults:4 | Received a gift from Okawaru
 46993 | Vaults:4 | Reached skill level 20 in Shields
 47726 | Vaults:5 | Found Emipp's Antique Armour Shop.
 47727 | Vaults:5 | Found Udegegh's Magic Scroll Shoppe.
 47731 | Vaults:5 | Bought a scroll of acquirement for 676 gold pieces
 47781 | Vaults:5 | Found Nuwud's Magic Scroll Shop.
 47820 | Vaults:5 | Bought 2 scrolls of enchant weapon for 315 gold pieces
 47828 | Vaults:5 | Found Ujoro's Jewellery Shoppe.
 48064 | Vaults:5 | Identified the Incunabulum of the Flying Glacier
 48244 | Vaults:5 | Got a silver rune of Zot
 48246 | Vaults:5 | Got a flickering diamond amulet
 48247 | Vaults:5 | Identified the amulet of the Sun {Acrobat rPois MP+9} (You
                  | found it on level 5 of the Vaults)
 48292 | Vaults:5 | Found the +6 arbalest "Damnation" {damnation}
 48792 | Depths:1 | Entered Level 1 of the Depths
 48846 | Depths:1 | Found a runed translucent door.
 48897 | Depths:1 | Received a gift from Okawaru
 48916 | Depths:1 | Reached XP level 25. HP: 224/224 MP: 32/32
 48937 | Depths:1 | Identified the +6 large shield of a bailey {rPois rCorr
                  | Str+5} (Okawaru gifted it to you on level 1 of the Depths)
 48977 | Depths:1 | Noticed Kesore's ghost (journeyman CeHu)
 48991 | Depths:1 | Killed Kesore's ghost
 49925 | Depths:1 | Found a gateway to Hell.
 50273 | Depths:2 | Found Kuzay's Magic Scroll Boutique.
 50294 | Depths:2 | Received a gift from Okawaru
 50632 | Depths:2 | Found Koes's Jewellery Shop.
 50658 | Depths:2 | Found a large runed translucent door.
 50658 | Depths:2 | Found a large runed translucent door.
 51149 | Depths:2 | Received a gift from Okawaru
 51159 | Depths:2 | Reached XP level 26. HP: 117/236 MP: 13/32
 51471 | Depths:2 | Found the +8 frozen axe "Frostbite" {freezing cloud, *Noise
                  | +Fly rC+}
 51555 | Depths:2 | Found Leysunum's Jewellery Shop.
 51606 | Depths:2 | Bought a scroll of enchant armour for 82 gold pieces
 51680 | Depths:2 | Received a gift from Okawaru
 51756 | Depths:2 | Gained mutation: You occasionally shout uncontrollably at
                  | your foes. [a neqoxec]
 51763 | Depths:2 | Found a one-way gate leading to the halls of Pandemonium.
 51779 | Depths:2 | Reached skill level 21 in Shields
 52485 | Depths:3 | Found a gateway to a ziggurat.
 52493 | Depths:3 | Received a gift from Okawaru
 52617 | Depths:3 | Received a gift from Okawaru
 52766 | Depths:3 | Found a one-way gate to the infinite horrors of the Abyss.
 53488 | Depths:3 | Received a gift from Okawaru
 53707 | Depths:3 | Found a radiant altar of Vehumet.
 53707 | Depths:3 | Noticed Frederick
 53712 | Depths:3 | Killed Frederick
 53899 | Depths:3 | Received a gift from Okawaru
 55075 | Depths:4 | Reached XP level 27. HP: 227/243 MP: 33/33
 55345 | Depths:4 | Received a gift from Okawaru
 55345 | Depths:4 | Reached skill level 22 in Shields
 55418 | Depths:4 | Received a gift from Okawaru
 55438 | Depths:4 | Identified the amulet of Cifo {rElec rPois MR+ Regen+
                  | Str+4}
 55442 | Depths:4 | Identified the amulet of Cifo {rElec rPois MR+ Regen+
                  | Str+4}
 55541 | Depths:4 | Received a gift from Okawaru
 55754 | Depths:4 | Identified the +4 eveningstar of Forced Transition {holy,
                  | rF+ rC+ MP+9}
 55927 | Depths:4 | Received a gift from Okawaru
 56164 | Depths:4 | Identified the ring of Xotew {*Tele rF+ Str+4 Int+4 Dex+4}
                  | (You found it on level 4 of the Depths)
 56395 | Depths:5 | Entered Level 5 of the Depths
 56443 | Depths:5 | Received a gift from Okawaru
 56443 | Depths:5 | Noticed a juggernaut
 56455 | Depths:5 | Killed a juggernaut
 56483 | Depths:5 | Received a gift from Okawaru
 56871 | Depths:5 | Noticed a juggernaut
 56890 | Depths:5 | Killed a juggernaut
 57257 | Depths:5 | Reached skill level 23 in Shields
 57392 | Depths:5 | Found a gate to the Realm of Zot.
 57960 | Elf:1    | Entered Level 1 of the Elven Halls
 57967 | Elf:1    | Received a gift from Okawaru
 58036 | Elf:1    | Reached skill level 15 in Invocations
 58440 | Elf:1    | Received a gift from Okawaru
 59000 | Elf:2    | Found a white marble altar of Elyvilon.
 59000 | Elf:2    | Found a ruined gateway.
 59000 | Elf:2    | Found a glowing golden altar of the Shining One.
 59058 | Elf:2    | Found a glowing silver altar of Zin.
 59065 | Desolati | Entered the Desolation of Salt
 59477 | Desolati | Identified the ring of Bamowniss {rF+ MR+ SInv} (You found
                  | it in the Desolation of Salt)
 59486 | Desolati | Identified Qoutz's Catalogue of Envenoming
 59908 | Desolati | Identified the amulet of Jopn {+Rage rPois Int+2 Dex+2}
                  | (You found it in the Desolation of Salt)
 60145 | Desolati | Identified the amulet "Bocupperph" {Spirit Dex+8 Slay+3}
                  | (You found it in the Desolation of Salt)
 60149 | Desolati | Identified the +8 plate armour of Mental Paralysis
                  | {*Corrode +Fly Int-2 SInv} (You found it in the Desolation
                  | of Salt)
 60152 | Desolati | Identified the amulet of Hingyufu {RegenMP rF+ Int+3} (You
                  | found it in the Desolation of Salt)
 60155 | Desolati | Identified Firch's Tome of Orientation
 60157 | Desolati | Identified the Grimoire of Ignition and Necromancy
 60161 | Desolati | Identified the ring "Bawynw Pani" {rC+ MP+9 Str+2} (You
                  | found it in the Desolation of Salt)
 60318 | Elf:2    | Identified the ring of Pidum {rF++ Stlth+}
 60367 | Elf:2    | Found a runed translucent gate.
 60379 | Elf:2    | Found a runed translucent gate.
 60379 | Elf:2    | Found a runed translucent gate.
 60463 | Elf:2    | Received a gift from Okawaru
 60506 | Elf:2    | Found Mesin's General Store.
 60592 | Elf:2    | Identified Bezxum's Compendium of Darkness
 60803 | Elf:2    | Found Geusuenei's Gadget Boutique.
 60811 | Elf:2    | Bought a wand of clouds (6) for 390 gold pieces
 60811 | Elf:2    | Bought a wand of paralysis (12) for 182 gold pieces
 61225 | Elf:3    | Entered Level 3 of the Elven Halls
 61249 | Elf:3    | Found Tanususo's Book Boutique.
 61936 | Elf:3    | Received a gift from Okawaru
 61994 | Elf:3    | Identified the ring "Geca" {-Tele rElec Str+6 Slay+5 SInv}
 62023 | Elf:3    | Identified the +5 falchion of Zilug {flame, rElec Str+9
                  | Dex-4 Stlth+}
 62023 | Elf:3    | Identified the amulet of Atas {Spirit +Fly rC+++ MR++
                  | Dex-5}
 62235 | Elf:3    | Identified the +0 cloak of Tael {rPois} (You acquired it on
                  | level 3 of the Elven Halls)
 62960 | Slime:1  | Entered Level 1 of the Pits of Slime
 62985 | Slime:1  | Gained mutation: Scrolls take you a little longer to read.
                  | [a shining eye]
 62985 | Slime:1  | Gained mutation: Armour fits poorly on your strangely
                  | shaped body. [a shining eye]
 62994 | Slime:1  | Gained mutation: You are clumsy. (Dex -2) [a shining eye]
 62996 | Slime:1  | Gained mutation: Your body sometimes deteriorates upon
                  | taking damage. [a shining eye]
 62997 | Slime:1  | Gained mutation: You are weak. (Str -2) [a shining eye]
 63003 | Slime:1  | Lost mutation: Armour fits poorly on your strangely shaped
                  | body. [potion of mutation]
 63003 | Slime:1  | Lost mutation: You occasionally shout uncontrollably at
                  | your foes. [potion of mutation]
 63003 | Slime:1  | Lost mutation: Your mind is acute. (Int +2) [potion of
                  | mutation]
 63003 | Slime:1  | Gained mutation: You are partially covered in icy blue
                  | scales. (AC +2) [potion of mutation]
 63004 | Slime:1  | Lost mutation: You are weak. (Str -2) [potion of mutation]
 63004 | Slime:1  | Lost mutation: You are partially covered in icy blue
                  | scales. (AC +2) [potion of mutation]
 63004 | Slime:1  | Lost mutation: Your body sometimes deteriorates upon taking
                  | damage. [potion of mutation]
 63004 | Slime:1  | Gained mutation: You occasionally shout uncontrollably at
                  | your foes. [potion of mutation]
 63004 | Slime:1  | Gained mutation: You are partially covered in molten
                  | scales. (AC +2) [potion of mutation]
 63004 | Slime:1  | Gained mutation: Your system is resistant to poisons.
                  | (rPois) [potion of mutation]
 63042 | Slime:1  | Reached skill level 24 in Shields
 63148 | Slime:5  | Entered Level 5 of the Pits of Slime
 63222 | Slime:5  | Gained mutation: Your magical capacity is low. (-10% MP) [a
                  | shining eye]
 63320 | Slime:5  | Noticed the Royal Jelly
 63329 | Slime:5  | Killed the Royal Jelly
 63678 | Slime:5  | Found the +3 giant club "Skullcrusher" {speed, Str+7}
 63682 | Slime:5  | Identified the Reference Book on Enthralling Snow
 63724 | Slime:5  | Identified Xoutaexudi's Compendium of Clay and
                  | Transformation
 63730 | Slime:5  | Got a slimy rune of Zot
 64613 | Zot:1    | Entered Level 1 of the Realm of Zot
 65410 | Zot:1    | Received a gift from Okawaru
 66091 | Zot:1    | Received a gift from Okawaru
 67672 | Zot:2    | Noticed an orb of fire
 67675 | Zot:2    | Gained mutation: You are very clumsy. (Dex -4) [an orb of
                  | fire]
 67682 | Zot:2    | Gained mutation: Potions are less effective at restoring
                  | your health. [an orb of fire]
 67706 | Zot:2    | Killed from afar by an orb of fire

Levels and vault maps discovered:
D:1:      kilobyte_arrival_exit_the_forest, layout_rooms
D:2:      layout_loops_corners, nicolae_overflow_crystal_walls, minmay_between
D:3:      layout_loops_cross, kennysheep_slug_shrine, first_ration, uniq_ijyb
D:4:      layout_cave_pools, saegor_snake_ambush
D:5:      layout_basic, old_standard_altar, uniq_grinder
D:6:      layout_rooms, uniq_edmund, uniq_crazy_yiuf_cottage
D:7:      layout_rooms, grunt_gozag_statues, minmay_temple_entry_junction
D:8:      layout_layer_cave, lemuel_crystal_altar
D:9:      layout_long_grid, grunt_temple_overflow_magic_moments, kennysheep_mini
D:10:     layout_basic
D:11:     layout_loops_ring, david_lair_generic, orc_0_dummy,
          minmay_crystal_room, hangedman_stone_soup, hex_tiny,
          hangedman_incinerator
D:12:     layout_loops_ring, hangedman_decor_diamond_cutter, uniq_gastronok,
          uniq_fannar, uniq_jorgrun
D:13:     layout_rooms, erik_vaults_1, uniq_erolcha
D:14:     layout_roguey
D:15:     hangedman_slaughterboxes
Lair:1:   layout_regular_city, serial_bayou_pond_b, lemuel_fruit_fields,
          minmay_lair_oklob_chamber
Lair:2:   layout_cave_pods, infiniplex_staircase_pool
Lair:3:   layout_regular_city, shoals_dummy_entry,
          minmay_snake_entry_guardpost_small, grunt_megastairs_5, uniq_sonja
Lair:4:   layout_roguey, gauntlet_entry_generic, uniq_nessos, uniq_kirke
Lair:5:   layout_gridlike, special_room [special_room_bee]
Lair:6:   evilmike_catoblepas_cave, layout_long_grid, slime_altar_2
Shoals:1: layout_shoals, st_cyclops
Shoals:2: layout_shoals
Shoals:3: layout_shoals, gammafunk_ghost_tricky_traps
Shoals:4: shoals_end_hangedman, layout_shoals, lightli_airlock
Snake:1:  layout_rooms, grunt_ministairs_9, guppyfry_snake_island, uniq_asterion
Snake:2:  layout_gridlike
Snake:3:  layout_basic, special_room, portal_ice_cave_entry_pillars_1
Snake:4:  grunt_snake_rune_spirals, layout_onion_interference,
          guppyfry_library_mini, lemuel_fruit_tree
Slime:1:  layout_caves
Slime:2:  layout_caves
Slime:3:  layout_caves
Slime:4:  layout_caves
Slime:5
Orc:1:    layout_caves, mines1_david
Orc:2:    grunt_orc_community_town_hall, layout_caves,
          grunt_orc_community_big_house_1, grunt_orc_community_big_house_2,
          grunt_orc_community_house_3, grunt_orc_community_house_1,
          grunt_orc_community_house_2, grunt_orc_community_house_1,
          grunt_orc_community_house_2, grunt_orc_community_house_3,
          serial_shops, nicolae_shop_stone, minmay_shop_enchanted_jewellery,
          statue_in_the_mist_lemuel, nicolae_orc_rockfall
Elf:1:    eino_elf_arrival_the_gate, layout_loops_ring, minivault_28,
          minivault_16, grunt_ministairs_2, eino_tiny_chamber,
          grunt_megastairs_2
Elf:2:    layout_loops_ring, portal_desolation_entry_holy_temple, serial_shops,
          shop, shop, minmay_elf_necromancy
Elf:3:    minmay_elf_hall_dome, layout_rooms, serial_shops, shop,
          kilobyte_rumbling_trees
Vaults:1: v_misc_25, vaults_room_pool, nicolae_vaults_specimen_jars,
          v_alt_pattern_4, vaults_room_semicircle, hangedman_vaults_cutoff,
          v_misc_14, hangedman_vaults_variations, v_misc_15, v_misc_33,
          vaults_mumra_minichess, vaults_dpeg_hooks, vaults_dpeg_diagonal,
          layout_vaults_big_room
Vaults:2: ebering_vaults_ghost_inner_flame, minmay_crypt_entry_simple_plaza,
          vaults_mumra_chevron, ontoclasm_vaults_fault,
          vaults_room_grunt_arrival_ludios, grunt_vaults_trifunnel, v_pattern_3,
          v_misc_10, ontoclasm_vaults_gateway, nicolae_vaults_little_squares_5,
          layout_vaults_maze
Vaults:3: hangedman_vaults_slither, ontoclasm_vaults_ring_small,
          nicolae_vaults_arrows, vaults_room_corners,
          ontoclasm_vaults_loading_screen, v_alt_pattern_2, v_misc_14,
          layout_vaults_omnigrid
Vaults:4: nicolae_vaults_little_squares_4,
          nicolae_vaults_windows_and_doors_thing, vaults_room_hallway,
          v_misc_10, nicolae_vaults_network_square,
          ontoclasm_vaults_decontamination, st_cross,
          nicolae_vaults_shelves_hall, vaults_room_ringed_pool,
          nicolae_vaults_little_ls, nicolae_vaults_ring_of_whatevers,
          layout_vaults_ring, uniq_bai_suzhen
Vaults:5
Depths:1: layout_cave_pools, hell_entry, nicolae_sextant,
          ebering_ghost_reflecting_pool, serial_bayou_lake_a
Depths:2: lightli_eight_chambers, layout_gridville, serial_shops, shop,
          shop_coins, nicolae_shop_statue_plus,
          hangedman_abyss_or_decor_stagger, grunt_hell_entry_dis_old,
          grunt_pan_entry_spiral, minmay_tree_intersection
Depths:3: evilmike_halls_of_destruction, layout_long_grid, enter_ziggurat_f,
          hell_entry, rand_demon_pan_entry_4, abyss_entry,
          infiniplex_staircase_star, serial_bayou_shore_a
Depths:4: minmay_the_grid_octo_tiled_octocenter_mashed
          [minmay_the_grid_octo_tetromino_candy,
          minmay_the_grid_octo_thin_diamonds, minmay_the_grid_octo_clover,
          minmay_the_grid_octo_chip, minmay_the_grid_octo_prize_big_c,
          minmay_the_grid_square_5x5_sharp_hourglass,
          minmay_the_grid_square_5x5_spiral_small, minmay_the_grid_square_5x5_z,
          minmay_the_grid_square_5x5_checkered_sparse], layout_cave_pools,
          abyss_entry, grunt_mini_vestibule, infiniplex_staircase_door_maze
Depths:5: grunt_twist_and_shout, layout_cave_pools, pf_coc_iceberg,
          lemuel_flamethrower_3
Zot:1:    layout_onion_interference, hangedman_zot_gyre
Zot:2:    grunt_deathspiral_small, layout_cathedral_of_symmetry, st_stairs_10

Skill      XL: |  1  2  3  4  5  6  7  8  9 10 11 12 13 14 15 16 17 18 19 20 21 22 23 24 25 26 27 |
---------------+----------------------------------------------------------------------------------+-----
Shields        | 4 5 6 7 8 10 12 13 14 15 16 17 18 19 20 21 24 | 24.0
Dodging        | 1 2 3 4 5 10 11 12 13 14 | 14.0
Long Blades    | 3 4 5 7 9 10 11 12 13 14 15 16 17 18 19 | 19.0
Fighting       | 4 5 6 8 10 11 12 13 14 15 16 17 18 19 22 | 22.0
Armour         | 4 5 6 8 9 10 11 12 13 14 15 16 17 18 19 21 | 21.8
Evocations     | 2 3 4 5 6 7 8 9 10 11 12 14 | 14.0
Invocations    | 3 4 5 6 8 9 10 11 12 13 14 16 | 16.1
Crossbows      | 2 11 12 13 14 15 16 17 18 19 | 19.0

Action                   |  1- 3 |  4- 6 |  7- 9 | 10-12 | 13-15 | 16-18 | 19-21 | 22-24 | 25-27 || total
-------------------------+-------+-------+-------+-------+-------+-------+-------+-------+-------++-------
Melee: Long sword        |   129 |   117 |       |       |   224 |       |       |       |       ||   470
       Scimitar          |       |    53 |   318 |   571 |   190 |       |       |       |       ||  1132
       Dagger            |       |       |       |     8 |     1 |       |       |       |       ||     9
       Demon blade       |       |       |       |       |   601 |   897 |   863 |  1310 |  2381 ||  6052
       Triple sword      |       |       |       |       |       |       |       |       |   531 ||   531
 Fire: Arbalest          |       |       |       |       |   165 |   428 |   450 |       |       ||  1043
       Triple crossbow   |       |       |       |       |       |       |   116 |   297 |   805 ||  1218
Throw: Stone             |       |    38 |    87 |   145 |       |       |       |       |       ||   270
       Boomerang         |       |       |    54 |       |       |       |       |       |       ||    54
       Javelin           |       |       |       |   125 |   150 |       |       |       |       ||   275
       Throwing net      |       |       |       |     2 |       |       |       |       |       ||     2
       Dart              |       |       |       |       |     1 |       |       |       |       ||     1
Invok: Heroism           |       |       |       |     5 |    11 |     7 |     4 |    12 |    11 ||    50
       Finesse           |       |       |       |     2 |     4 |     6 |     4 |     7 |    12 ||    35
 Abil: Dig               |       |       |     4 |     2 |     9 |     2 |     2 |     1 |    17 ||    37
       Evoke Invisibilit |       |       |       |       |     1 |       |       |       |       ||     1
Evoke: Lamp of fire      |       |       |       |       |     1 |       |       |       |     1 ||     2
       Lightning rod     |       |       |       |       |       |     1 |       |       |       ||     1
       Fan of gales      |       |       |       |       |       |       |       |       |     1 ||     1
       Phantom mirror    |       |       |       |       |       |       |       |       |     1 ||     1
  Use: Scroll            |     5 |     4 |     8 |    10 |     8 |     9 |     7 |    13 |    16 ||    80
       Potion            |       |       |     1 |     3 |     1 |     3 |     1 |       |     2 ||    11
 Stab: Invisible         |       |       |       |     3 |     4 |       |       |       |       ||     7
       Petrified         |       |       |       |       |       |       |       |       |     2 ||     2
  Eat: Chunk             |     2 |     6 |    11 |    20 |    30 |    28 |    17 |    26 |    49 ||   189
       Ration            |       |       |       |     2 |     1 |       |     3 |       |     5 ||    11
Armor: Scale mail        |    47 |    59 |       |       |       |       |       |       |       ||   106
       Plate armour      |       |    30 |   145 |   219 |   219 |   251 |   192 |   285 |   591 ||  1932
Dodge: Dodged            |    42 |    36 |    67 |   116 |   209 |   252 |   171 |   298 |   593 ||  1784
Block: Shield            |    54 |   101 |   158 |   346 |   717 |   810 |   638 |    79 |       ||  2903
       Large shield      |       |       |    25 |       |       |       |       |  1049 |  2659 ||  3733
       Reflection        |       |       |       |       |    16 |   100 |   118 |   147 |   185 ||   566
       Rpst.: Long sword |    14 |     8 |       |       |    15 |       |       |       |       ||    37
       Scimitar          |       |     1 |    20 |    27 |     7 |       |       |       |       ||    55
       Demon blade       |       |       |       |       |    26 |    42 |    29 |    56 |    89 ||   242
       Triple sword      |       |       |       |       |       |       |       |       |     8 ||     8

Table legend:
 A = Non-vault XP
 B = Vault XP
 C = Vault XP percentage of total XP
 D = Non-vault monster count
 E = Vault monster count
 F = Vault count percentage of total count
                 A         B        C        D         E       F
            +---------+---------+-------+---------+---------+-------
      Total |  804349 |  746582 |  48.1 |    1479 |    1022 |  40.9
            +---------+---------+-------+---------+---------+-------
        D:1 |      40 |       0 |   0.0 |      24 |       0 |   0.0
        D:2 |      62 |      10 |  13.9 |      18 |       5 |  21.7
        D:3 |      58 |      40 |  40.8 |      17 |       2 |  10.5
        D:4 |     509 |      28 |   5.2 |      16 |       4 |  20.0
        D:5 |     449 |     254 |  36.1 |      21 |       1 |   4.5
        D:6 |    1206 |     198 |  14.1 |      28 |       2 |   6.7
        D:7 |     526 |       0 |   0.0 |      26 |       0 |   0.0
        D:8 |    2699 |       0 |   0.0 |      27 |       0 |   0.0
        D:9 |    1040 |       0 |   0.0 |      22 |       0 |   0.0
       D:10 |    2325 |       0 |   0.0 |      22 |       0 |   0.0
       D:11 |    3990 |    2338 |  36.9 |      36 |      14 |  28.0
       D:12 |    4808 |    6290 |  56.7 |      31 |       3 |   8.8
       D:13 |    7141 |    2847 |  28.5 |      27 |       3 |  10.0
       D:14 |   11169 |       0 |   0.0 |      25 |       0 |   0.0
       D:15 |     303 |   42961 |  99.3 |       1 |      80 |  98.8
     Lair:1 |     300 |    2724 |  90.1 |       3 |       7 |  70.0
     Lair:2 |    2476 |       0 |   0.0 |       9 |       0 |   0.0
     Lair:3 |    4875 |    1761 |  26.5 |      17 |       7 |  29.2
     Lair:4 |    4383 |    3475 |  44.2 |      15 |       3 |  16.7
     Lair:5 |    4087 |    2238 |  35.4 |      13 |      20 |  60.6
     Lair:6 |    7687 |   19468 |  71.7 |      31 |      27 |  46.6
   Shoals:1 |   17868 |    5225 |  22.6 |      32 |       8 |  20.0
   Shoals:2 |   14457 |       0 |   0.0 |      26 |       0 |   0.0
   Shoals:3 |    9470 |    8900 |  48.4 |      19 |      10 |  34.5
   Shoals:4 |   20638 |   20716 |  50.1 |      36 |      37 |  50.7
    Snake:1 |   23198 |    5913 |  20.3 |      47 |       6 |  11.3
    Snake:2 |   21071 |       0 |   0.0 |      33 |       0 |   0.0
    Snake:3 |   24350 |       0 |   0.0 |      45 |       0 |   0.0
    Snake:4 |   14398 |   64225 |  81.7 |      25 |      94 |  79.0
    Slime:1 |   13815 |       0 |   0.0 |      17 |       0 |   0.0
    Slime:2 |    3342 |       0 |   0.0 |       4 |       0 |   0.0
    Slime:4 |    1766 |       0 |   0.0 |       4 |       0 |   0.0
    Slime:5 |   10065 |   34845 |  77.6 |      14 |      13 |  48.1
      Orc:1 |    1982 |       0 |   0.0 |      20 |       0 |   0.0
      Orc:2 |    3179 |    8065 |  71.7 |      31 |      73 |  70.2
      Elf:1 |   17741 |   15025 |  45.9 |      29 |      29 |  50.0
      Elf:2 |   28996 |   28812 |  49.8 |      46 |      40 |  46.5
      Elf:3 |   11046 |   44520 |  80.1 |      18 |      35 |  66.0
   Vaults:1 |   19586 |   10867 |  35.7 |      32 |      16 |  33.3
   Vaults:2 |   34756 |   23733 |  40.6 |      59 |      31 |  34.4
   Vaults:3 |   52170 |   24765 |  32.2 |      75 |      32 |  29.9
   Vaults:4 |   40248 |   95522 |  70.4 |      67 |      70 |  51.1
   Vaults:5 |   13714 |   61336 |  81.7 |      24 |      46 |  65.7
   Depths:1 |   77817 |    1544 |   1.9 |     101 |       1 |   1.0
   Depths:2 |   34807 |   43318 |  55.4 |      45 |      55 |  55.0
   Depths:3 |   56993 |   25055 |  30.5 |      62 |      24 |  27.9
   Depths:4 |   38489 |   44156 |  53.4 |      42 |      32 |  43.2
   Depths:5 |   80003 |   14985 |  15.8 |      65 |      13 |  16.7
      Zot:1 |   45757 |    5035 |   9.9 |      25 |       2 |   7.4
      Zot:2 |   12494 |    6985 |  35.9 |       7 |       5 |  41.7
      IceCv |       0 |    9977 | 100.0 |       0 |      60 | 100.0
 Desolation |       0 |   53338 | 100.0 |       0 |     103 | 100.0
   Gauntlet |       0 |    5088 | 100.0 |       0 |       9 | 100.0
            +---------+---------+-------+---------+---------+-------
